 Dungeon Crawl Stone Soup version 0.31.0-1-g2c135a008e (webtiles) character file.

Game seed: 10640286250604693552

447 qw the Shooter (level 7, 0/52 HPs)
             Began as a Djinni Hunter on Jan 23, 2024.
             Slain by a gnoll
             ... wielding a +0 spear of distortion
             ... led by a gnoll bouda
              (4 damage)
             ... on level 4 of the Dungeon.
             The game lasted 00:00:09 (2532 turns).

qw the Shooter (Djinni Hunter)                      Turns: 2532, Time: 00:00:09

Health: 0/52       AC:  6    Str: 10    XL:     7   Next: 24%
Gold:   169        EV: 11    Int: 10    God:
                   SH:  0    Dex: 19

rFire   + + +        a - +1 shortbow (flame)
rCold   + . .        (shield currently unavailable)
rNeg    . . .        l - +1 ring mail {rC+}
rPois   inf          (no helmet)
rElec   .            (no cloak)
rCorr   .            (no gloves)
SInv    .            (boots unavailable)
Will    .....        (no amulet)
Stlth   +            f - ring of protection from cold
HPRegen 0.28/turn    g - ring of protection from fire
MPRegen 0.00/turn

%: infuse magic (-1 HP)
@: flying
A: sickness immunity, fire resistance 2, cold vulnerability 1, float, innate
caster, HP casting, extra vitality 1
a: no special abilities


You were on level 4 of the Dungeon.
You visited 1 branch of the dungeon, and saw 4 of its levels.

You collected 169 gold pieces.


Innate Abilities, Weirdness & Mutations

You are immune to sickness and miasma.
You are immune to poison.
Your flesh is very heat resistant. (rF++)
You are vulnerable to cold. (rC-)
You float through the air rather than walking.
You learn spells naturally, not from books.
Your magical power is your life essence.
You have superior vitality. (+4 MHP)


   Skills:
 - Level 4.0 Fighting
 + Level 5.1 Ranged Weapons
 - Level 2.5 Armour
 - Level 3.3 Dodging
 - Level 0.7 Stealth


You knew the following spells:

 Your Spells              Type           Power      Damage    Failure   Level
a - Summon Small Mammal   Summ           0%         N/A       67%         1
b - Mercury Vapours       Alch/Air       0%         N/A       80%         2
c - Passwall              Erth           0%         N/A       95%         3
Your spell library was empty.

Inventory:

Hand Weapons
 a - a +1 shortbow of flaming (weapon)
Armour
 l - a +1 ring mail of cold resistance (worn)
Jewellery
 f - a ring of protection from cold (left hand)
 g - a ring of protection from fire (right hand)
Wands
 j - a wand of roots (4)
Potions
 d - a potion of curing {unknown}

Dungeon Overview and Level Annotations

Branches:
Dungeon (4/15)
 Temple: D:4-7

Altars:
Hepliaklqana
Uskayaw


Message History

2499 ||| FLEEEEING.
2500 ||| FLEEEEING.
2501 ||| FLEEEEING.
2502 ||| FLEEEEING.
2503 ||| FLEEEEING.
2504 ||| FLEEEEING.
2505 ||| FLEEEEING.
2506 ||| FLEEEEING.
2507 ||| FLEEEEING.
2508 ||| FLEEEEING.
2509 ||| FLEEEEING.
2510 ||| FLEEEEING.
2511 ||| FLEEEEING.
2512 ||| FLEEEEING.
2513 ||| FLEEEEING.
2514 ||| FLEEEEING.
2515 ||| FLEEEEING.
2516 ||| FLEEEEING.
2517 ||| FLEEEEING.
2518 ||| FLEEEEING.
2519 ||| FLEEEEING.
2520 ||| FLEEEEING.
2521 ||| FLEEEEING.
2522 ||| FLEEEEING.
You start resting.
A gnoll is nearby!
2527 ||| FLEEEEING.
2528 ||| FLEEEEING.
You shoot an arrow. The arrow closely misses the gnoll.
You shoot an arrow. The arrow barely misses the gnoll.
The gnoll hits you but does no damage.
The gnoll hits you from afar with a +0 spear of distortion.
Space warps around you. The gnoll hits you with a +0 flail.
You shoot an arrow. The arrow hits the gnoll.
The arrow burns the gnoll.
The gnoll is heavily wounded.
The gnoll closely misses you. The gnoll hits you but does no damage.
You shoot an arrow. The arrow hits the gnoll.
The arrow burns the gnoll.
You kill the gnoll!
The gnoll hits you from afar with a +0 spear of distortion.
You die...

### ###############.#
.........g......#
##########
###############.#
#........# #g#
###.######.#
#)####.#.# #.#
#.@....#.# #.#
###.######.#.## #.#
.............># #.#
###.###.##.#..#####.#
#.##.#........#
#..#.#...######
...####.#.#...#
.......<#.....#
~~......####..##


You could see a gnoll.

Vanquished Creatures
  3 phantoms
  A gnoll bouda (D:4)
  An iguana (D:3)
  2 orc wizards (D:3)
  4 gnolls (D:4)
  2 adders (D:2)
  An adder skeleton (D:4)
  4 dart slugs
  4 orcs (D:3)
  7 ball pythons
  3 bats
  6 endoplasms
  3 goblins
  5 hobgoblins
  3 jackals
  3 quokkas
  4 frilled lizards
  3 kobolds
  6 rats
65 creatures vanquished.

Notes
Turn   | Place    | Note
-------+----------+-------------------------------------------
     0 | D:1      | qw the Djinni Hunter began the quest for the Orb.
     0 | D:1      | Reached XP level 1. HP: 18/18 MP: 0/0
     0 | D:1      | 0 ||| qw: Version: 0.3-a-135-gb77e89d
     0 | D:1      | 0 ||| qw: Game counter: 920
     0 | D:1      | 0 ||| qw: Melee chars always use a shield: true
     0 | D:1      | 0 ||| qw: God list: Okawaru
     0 | D:1      | 0 ||| qw: Allow faded altars: false
     0 | D:1      | 0 ||| qw: Do Orc after clearing Dungeon:15 true
     0 | D:1      | 0 ||| qw: Do second Lair branch before Depths: true
     0 | D:1      | 0 ||| qw: Lair rune preference: random
     0 | D:1      | 0 ||| qw: Goals: Normal
     0 | D:1      | 0 ||| PLANNING D:1-11
    91 | D:1      | Reached XP level 2. HP: 21/23 MP: 0/0
   553 | D:1      | Reached skill level 4 in Ranged Weapons
   553 | D:1      | Reached XP level 3. HP: 28/28 MP: 0/0
   553 | D:1      | Learned a level 1 spell: Summon Small Mammal
   679 | D:1      | 679 ||| UPGRADING to ring of protection from cold.
   680 | D:1      | 680 ||| UPGRADING to ring of protection from fire.
   681 | D:1      | 681 ||| READING 2 scrolls labelled BEITHU KIUGHIJ.
   782 | D:1      | 782 ||| READING scroll labelled NARI CYUROCOGH.
   782 | D:1      | 782 ||| BRANDING +0 shortbow.
   783 | D:1      | 783 ||| DRINKING 2 murky sapphire potions.
   784 | D:1      | 784 ||| DROPPING scroll of butterflies.
   785 | D:1      | 785 ||| DROPPING scroll of vulnerability.
   786 | D:1      | 786 ||| DROPPING potion of invisibility.
  1133 | D:2      | Reached XP level 4. HP: 34/34 MP: 0/0
  1151 | D:2      | Reached skill level 3 in Fighting
  1226 | D:2      | Identified the +0 robe of the Armadillo {Str+5 Dex-5}
  1458 | D:2      | 1458 ||| DROPPING +0 robe of the Armadillo {Str+5 Dex-5}.
  1581 | D:3      | Found a hazy altar of Hepliaklqana.
  1589 | D:3      | Reached skill level 3 in Dodging
  1602 | D:3      | Reached XP level 5. HP: 19/40 MP: 0/0
  1602 | D:3      | Learned a level 2 spell: Mercury Vapours
  1829 | D:3      | Found a hide-covered altar of Uskayaw.
  2253 | D:3      | 2253 ||| UPGRADING to +1 ring mail of cold resistance.
  2263 | D:3      | 2263 ||| DROPPING +0 leather armour.
  2264 | D:3      | 2264 ||| READING scroll labelled REMA QOARHO.
  2265 | D:3      | 2265 ||| READING scroll labelled CEDETY XIKINE.
  2265 | D:3      | 2265 ||| ENCHANTING +0 shortbow of flaming.
  2266 | D:3      | 2266 ||| READING scroll labelled PANLA OMESKO.
  2266 | D:3      | 2266 ||| IDENTIFYING dark potion
  2267 | D:3      | 2267 ||| DRINKING 2 puce potions.
  2268 | D:3      | 2268 ||| DROPPING potion of brilliance.
  2269 | D:3      | 2269 ||| DROPPING potion of attraction.
  2297 | D:4      | Noticed a phantom
  2301 | D:4      | 2301 ||| STAIRDANCE
  2305 | D:4      | Noticed a phantom
  2306 | D:4      | 2306 ||| STAIRDANCE
  2310 | D:3      | Killed a phantom
  2311 | D:3      | Reached XP level 6. HP: 37/46 MP: 0/0
  2345 | D:4      | 2345 ||| STAIRDANCE
  2356 | D:3      | Reached skill level 5 in Ranged Weapons
  2406 | D:4      | Reached XP level 7. HP: 46/51 MP: 0/0
  2406 | D:4      | Learned a level 3 spell: Passwall
  2487 | D:4      | 2487 ||| RETREEEEATING.
  2497 | D:4      | HP: 11/52 [gnoll/+0 flail[a gnoll bouda] (10)]
  2499 | D:4      | 2499 ||| FLEEEEING.
  2500 | D:4      | 2500 ||| FLEEEEING.
  2501 | D:4      | 2501 ||| FLEEEEING.
  2502 | D:4      | 2502 ||| FLEEEEING.
  2503 | D:4      | 2503 ||| FLEEEEING.
  2504 | D:4      | 2504 ||| FLEEEEING.
  2505 | D:4      | 2505 ||| FLEEEEING.
  2506 | D:4      | 2506 ||| FLEEEEING.
  2507 | D:4      | 2507 ||| FLEEEEING.
  2508 | D:4      | 2508 ||| FLEEEEING.
  2509 | D:4      | 2509 ||| FLEEEEING.
  2510 | D:4      | 2510 ||| FLEEEEING.
  2511 | D:4      | 2511 ||| FLEEEEING.
  2512 | D:4      | 2512 ||| FLEEEEING.
  2513 | D:4      | 2513 ||| FLEEEEING.
  2514 | D:4      | 2514 ||| FLEEEEING.
  2515 | D:4      | 2515 ||| FLEEEEING.
  2516 | D:4      | 2516 ||| FLEEEEING.
  2517 | D:4      | 2517 ||| FLEEEEING.
  2518 | D:4      | 2518 ||| FLEEEEING.
  2519 | D:4      | 2519 ||| FLEEEEING.
  2520 | D:4      | 2520 ||| FLEEEEING.
  2521 | D:4      | 2521 ||| FLEEEEING.
  2522 | D:4      | 2522 ||| FLEEEEING.
  2527 | D:4      | 2527 ||| FLEEEEING.
  2528 | D:4      | 2528 ||| FLEEEEING.
  2530 | D:4      | HP: 9/52 [gnoll/+0 spear of distortion[a gnoll bouda] (5)]
  2530 | D:4      | HP: 3/52 [gnoll/+0 flail[a gnoll bouda] (6)]
  2532 | D:4      | Slain by a gnoll

Levels and vault maps discovered:
D:1:      lightli_arrival_statuegarden, layout_loops_ring,
          hangedman_decor_riveting, minmay_indecisive_spiral
D:2:      layout_loops_cross
D:3:      layout_loops_ring, nicolae_overflow_crystal_walls,
          mainiacjoe_overflow_chevrons
D:4:      layout_basic, mainiacjoe_overflow_paths, serial_undead,
          serial_undead_a, serial_undead_c, serial_undead_e, serial_undead_e,
          serial_undead_f, serial_undead_e, serial_undead_a,
          nicolae_hexahallways, grunt_ministairs_3

Skill      XL: |  1  2  3  4  5  6  7 |
---------------+----------------------+-----
Ranged Weapons | 4 5 |  5.1
Fighting       | 3 4 |  4.0
Dodging        | 3 |  3.3
Armour         | 2 |  2.5
Stealth        | |  0.7

Action                     |  1- 3 |  4- 6 |  7- 9 || total
---------------------------+-------+-------+-------++-------
   Fire: Shortbow          |    67 |    77 |    18 ||   162
    Use: Scroll            |     2 |     3 |       ||     5
         Potion            |     1 |     1 |       ||     2
 Armour: Leather armour    |    21 |    14 |       ||    35
         Ring mail         |       |    21 |    13 ||    34
  Dodge: Dodged            |    14 |    30 |     9 ||    53

Table legend:
 A = Non-vault XP
 B = Vault XP
 C = Vault XP percentage of total XP
 D = Non-vault monster count
 E = Vault monster count
 F = Vault count percentage of total count
                 A         B        C        D         E       F
            +---------+---------+-------+---------+---------+-------
      Total |     220 |     434 |  66.4 |      51 |      14 |  21.5
            +---------+---------+-------+---------+---------+-------
        D:1 |      27 |       7 |  20.6 |      15 |       4 |  21.1
        D:2 |      54 |       0 |   0.0 |      17 |       0 |   0.0
        D:3 |     137 |     216 |  61.2 |      18 |       2 |  10.0
        D:4 |       2 |     211 |  99.1 |       1 |       8 |  88.9
            +---------+---------+-------+---------+---------+-------
